[Event "Turkish Youth Championships 2023"]
[Site "Samsun"]
[Date "2023.05.22"]
[Round "4.8"]
[White "Binboga, Yaman"]
[Black "Demirbas, Emre"]
[Result "0-1"]
[ECO "B45"]
[WhiteElo "1653"]
[BlackElo "2013"]
[Annotator "NA COMBH"]
[PlyCount "76"]
[EventDate "2023.05.19"]
[EventType "swiss"]
[EventCountry "TUR"]
[SourceTitle "playchess.com"]
[Source "ChessBase"]
[SourceQuality "1"]
[TimeControl "5400+30"]

1. e4 c5 2. Nf3 e6 3. d4 cxd4 4. Nxd4 Nf6 5. Nc3 Nc6 6. Nxc6 bxc6 7. e5 Nd5 8. Ne4 Qc7 9. f4 Qb6 10. c4 Bb4+ 11. Ke2 f5 12. Nf2 Ba6 13. Kf3 Ne7 14. Be3 Bc5 15. Bxc5 Qxc5 16. Qd6 Qb6 17. b3 Nc8 18. Qa3 Bb7 19. Rd1 Ne7 20. Qd6 Rd8 21. Nd3 Nc8 22. Qc5 d6 23. exd6 Nxd6 24. Qxb6 axb6 25. c5 Ne4 26. cxb6 c5 27. Ke3 Ke7 28. Be2 Rd6 29. Ne5 Bd5 30. Nc4 Rc6 31. a4 Bxc4 32. Bxc4 Rxb6 33. a5 Rb4 34. Rhe1 Ra8 35. Kd3 Nf2+ 36. Kc2 Nxd1 37. Rxe6+ Kd7 38. Re1 Nf2 0-1

[Event "Turkish Youth Championships 2023"]
[Site "Samsun"]
[Date "2023.05.21"]
[Round "4.8"]
[White "Kaynak, Deniz Can"]
[Black "Engin, Onur Cinar"]
[Result "0-1"]
[WhiteElo "1651"]
[BlackElo "1922"]
[Annotator "TA"]
[PlyCount "119"]
[EventDate "2023.05.19"]
[EventType "swiss"]
[EventCountry "TUR"]
[TimeControl "5400+30"]

1. c4 c6 2. g3 d5 3. Nf3 Nf6 4. Bg2 g6 5. b3 Bg7 6. Bb2 Qb6 7. Qc2 O-O 8. O-O Bg4 {[%emt 0:00:30] A11: English Opening: 1...c6.} 9. d3 Nbd7 (9... Bxf3 {simplifies} 10. Bxf3 d4 11. c5 Qd8) 10. Nbd2 Rfe8 {[%emt 0:00:00] White is slightly better.} 11. h3 Bxf3 12. Nxf3 e5 13. e3 Rad8 {[%emt 0:11:30] [#]} 14. Rac1 $146 ({Predecessor:} 14. Rad1 h6 15. d4 e4 16. Nd2 Rc8 17. Nb1 h5 18. h4 {½-½ Benci,J (1520)-Rosol,P (1885) Bratislava Slovakia op rapid 2022 (5)}) 14... Qa5 15. Nd2 Bh6 (15... Qxa2 $2 16. Ra1 $18) 16. a3 d4 17. b4 $16 Qc7 18. exd4 exd4 19. Bxd4 Re2 20. f4 $2 (20. Bc3 $16 {keeps the pressure on.}) 20... Nh5 $36 {[%emt 0:00:30][%mdl 2048] Black is on the roll.} 21. Bf2 {[%emt 0:00:30] [#]} Nxf4 $1 22. gxf4 Qxf4 23. Bxa7 Qg3 (23... Qxd2 $17 24. Qxd2 Bxd2) 24. Rf2 $11 Be3 {[%emt 0:00:07] Dancing on a razor blade.} 25. Bxe3 Qxe3 26. Rcf1 Ne5 $1 27. Qd1 (27. c5 $11 {was the only way to keep the balance.}) 27... Rxf2 $17 {[%emt 0:00:16] Black is much more active.} 28. Rxf2 Nxd3 {[%emt 0:01:23][%mdl 64] [#] Pin} 29. Ne4 {[%emt 0:00:14] aiming for Qf3.} f5 ({Black should play} 29... Qd4 $17 {Strongly threatening ...f5.} 30. Qg4 (30. Nf6+ $2 Kg7 $19) 30... f5) 30. Qd2 $11 Qd4 {[%emt 0:01:36][%mdl 64] Pin} 31. Nc5 Nxf2 32. Qxd4 Nxh3+ 33. Bxh3 Rxd4 34. Nxb7 ({White should try} 34. Bf1 $1 $11) 34... Rxc4 $15 35. Bg2 (35. Bf1 $15 Rc1 36. Nc5) 35... Rc1+ 36. Kh2 Ra1 (36... Rc3 $17 37. a4 Rc4) 37. Bxc6 $11 Ra2+ 38. Kg1 {[%emt 0:00:48] Threatens to win with Bd5+.} Rxa3 39. b5 Kf8 40. Nc5 Rc3 41. Nd7+ Ke7 42. b6 {[%emt 0:00:45] Hoping for b7.} Rxc6 {[%emt 0:00:36][%mdl 4096] Endgame KR-KN} (42... Rb3 {simplifies} 43. Kg2 Rb1 44. b7 Rxb7 45. Bxb7 Kxd7 46. Bf3 Kd6) 43. b7 Rc1+ (43... Kxd7 $2 44. b8=Q $18 (44. b8=B $2 {loses.} g5 $19)) 44. Kg2 {[%emt 0:00:11] Nb6 would be deadly.} Rb1 {[%emt 0:00:17] Against Nb6} (44... Kxd7 $2 45. b8=Q $18 (45. b8=B $2 {is the wrong capture.} g5 $19)) 45. b8=Q Rxb8 46. Nxb8 {[%emt 0:00:00] KN-K3P} Kd6 47. Na6 g5 48. Nb4 Ke5 {[%emt 0:00:59] And now ...h5 would win.} 49. Kf3 g4+ 50. Kg3 Ke4 (50... h5 $5 51. Nd3+ $8 Kf6 $11) 51. Nc2 $2 {[%emt 0:01:21][%mdl 8192] Loses the game.} (51. Na6 $11 h6 52. Nc5+ Ke3 53. Na4) 51... h5 {[%emt 0:00:10][%cal Bh7h5,Bh5h4,Bh4h3][%mdl 32] Black mates.} 52. Ne1 f4+ 53. Kf2 h4 54. Ng2 g3+ 55. Kg1 h3 56. Ne1 f3 57. Nd3 Kxd3 58. Kh1 g2+ 59. Kg1 Ke2 60. Kh2 {[%emt 0:00:00] An entertaining game by Engin.   Weighted Error Value: White=0.27 (precise) /Black=0.13 (very precise)} 0-1

[Event "Turkish Youth Championships 2023"]
[Site "Samsun"]
[Date "2023.05.21"]
[Round "4.9"]
[White "Saka, Omer"]
[Black "Gungor, Cihan Akif"]
[Result "0-1"]
[WhiteElo "1843"]
[BlackElo "1771"]
[Annotator "COMBH"]
[PlyCount "100"]
[EventDate "2023.05.19"]
[EventType "swiss"]
[EventCountry "TUR"]
[TimeControl "5400+30"]
[WhiteClock "0:00:32"]

1. d4 d5 2. c4 e6 3. Nc3 a6 4. cxd5 exd5 5. Nf3 Nf6 6. Bg5 Be6 7. e3 Nbd7 8. Bd3 Bd6 9. O-O O-O 10. Rc1 c6 11. Qc2 h6 12. Bh4 Qc7 13. a3 Bg4 14. Bg3 Bxf3 15. gxf3 Rfe8 16. e4 Bxg3 17. hxg3 dxe4 18. fxe4 Qb6 19. e5 Nd5 20. Rfd1 Nf8 21. Bc4 Red8 22. Nxd5 cxd5 23. Ba2 Ne6 24. Qd2 Qb5 25. f4 Rac8 26. Kf2 Rc6 27. Rc3 Nxd4 28. Rxc6 Nxc6 29. Re1 Qb6+ 30. Kg2 Ne7 31. g4 Qg6 32. Kh3 h5 33. Qe2 hxg4+ 34. Qxg4 Qd3+ 35. Kh2 Qd4 36. Re2 Ng6 37. Kg3 Qg1+ 38. Kf3 Qh1+ 39. Kg3 Re8 40. Bb3 Qg1+ 41. Kf3 Qf1+ 42. Ke3 d4+ 43. Kd2 Nxf4 44. e6 fxe6 45. Bxe6+ Nxe6 46. Rxe6 Qf2+ 47. Kd1 Rc8 48. Re2 Qf1+ 49. Kd2 Qc1+ 50. Kd3 Qd1+ 0-1

[Event "Turkish Youth Championships 2023"]
[Site "Samsun"]
[Date "2023.05.21"]
[Round "4.11"]
[White "Aydogdu, Cagatay"]
[Black "Turker, Esat Tuna"]
[Result "1/2-1/2"]
[WhiteElo "1856"]
[BlackElo "1713"]
[Annotator "COMBH"]
[PlyCount "155"]
[EventDate "2023.05.19"]
[EventType "swiss"]
[EventCountry "TUR"]
[TimeControl "5400+30"]
[BlackClock "0:02:04"]

1. e4 c5 2. Nf3 a6 3. g3 Nc6 4. c4 e5 5. Nc3 d6 6. d3 g6 7. Bg5 f6 8. Be3 Bg7 9. h4 Nh6 10. Nh2 f5 11. Bg5 Qa5 12. Qd2 Ng4 13. Nxg4 fxg4 14. Nd5 Qxd2+ 15. Kxd2 Rb8 16. h5 h6 17. Be3 g5 18. Be2 Nd4 19. Rhb1 a5 20. Bd1 Kf7 21. a3 b6 22. b4 Bd7 23. bxa5 bxa5 24. Nb6 Be6 25. Bxd4 exd4 26. Rb5 Rhf8 27. Rab1 Kg8 28. Ke1 Rf7 29. Rxa5 Rbf8 30. Rb2 Be5 31. Ra8 Rxa8 32. Nxa8 Ra7 33. Rb8+ Kf7 34. a4 d5 35. exd5 Bxd5 36. cxd5 Bxb8 37. Nb6 Ra6 38. Nc4 Ke7 39. Nd2 Bc7 40. Ne4 Bd6 41. Kd2 Rb6 42. Bxg4 Rb2+ 43. Kc1 Rb4 44. Bd1 c4 45. dxc4 Rxc4+ 46. Kd2 Be5 47. Kd3 Rb4 48. Bc2 Rb2 49. Kd2 Kd7 50. Kc1 Rb4 51. Bd3 Ke7 52. a5 Bd6 53. a6 Ra4 54. Kb2 Ra5 55. Bc4 Ra4 56. Bf1 Ra5 57. Bc4 Ra4 58. Bf1 Ra5 59. Kb3 Rxd5 60. Kc4 Ra5 61. Kxd4 Bb8 62. Bc4 Ba7+ 63. Kc3 Ra1 64. f4 gxf4 65. gxf4 Rh1 66. Be2 Rh4 67. Kc4 Rxf4 68. Kd5 Kd7 69. Nc5+ Bxc5 70. Kxc5 Kc7 71. Kd5 Rf6 72. Ke5 Rb6 73. Bc4 Rb4 74. Bd5 Kb6 75. Kf6 Kxa6 76. Kg7 Rh4 77. Kxh6 Rxh5+ 78. Kxh5 1/2-1/2

[Event "Turkish Youth Championships 2023"]
[Site "Samsun"]
[Date "2023.05.21"]
[Round "4.12"]
[White "Yanik, Berke"]
[Black "Cilek, Bora"]
[Result "1/2-1/2"]
[WhiteElo "1150"]
[BlackElo "2285"]
[Annotator "TA"]
[PlyCount "98"]
[EventDate "2023.05.19"]
[EventType "swiss"]
[EventCountry "TUR"]
[TimeControl "5400+30"]

1. e4 g6 2. d4 Bg7 3. Nf3 c6 4. c4 d5 5. cxd5 cxd5 6. Bb5+ Bd7 {[%emt 0:01:00] B27: Sicilian: 2 Nf3, unusual Black 2nd moves.} 7. Bxd7+ Qxd7 8. e5 e6 {[%emt 0:01:30] The position is equal.} 9. O-O Nc6 10. Nc3 Nge7 11. Bg5 Nf5 (11... h6 $5 12. Bxe7 Qxe7 $11) 12. Rc1 (12. g4 $14 Nfe7 13. Qd3) 12... h6 $11 {[%emt 0:00:30] [#]} 13. Be3 $146 ({Predecessor:} 13. Bf4 g5 14. Be3 O-O 15. Ne2 f6 16. exf6 Bxf6 17. Ng3 Rf7 18. Nh5 Bh8 19. h4 gxh4 {0-1 Hutchings,P-Minnican,A (2150) West of England op 2006 (2)}) 13... O-O 14. Qd2 Rfc8 15. g4 Nxe3 16. fxe3 Nd8 17. Rf2 b5 18. Rcf1 b4 19. Ne2 Qb5 20. Ng3 Rc7 21. e4 Rac8 22. exd5 exd5 23. Qe2 {[%emt 0:10:30] Prevents b3} Qxe2 (23... Qa5 $17 24. b3 Ne6) 24. Rxe2 Ne6 25. Rd1 Rc1 (25... Rc2 $15 {was preferrable.}) 26. Rxc1 Rxc1+ 27. Kf2 Bf8 {[%emt 0:01:30] With the idea ...Nf4.} (27... h5 $5 28. g5 (28. gxh5 Bh6 $15) 28... Bf8 $11) 28. Rd2 {[%emt 0:01:30] [#]} b3 $1 29. a3 Be7 (29... Rc2 {is more appropriate.} 30. Ne2 h5) 30. Ne2 Ra1 31. Nc3 Nf4 (31... Ng5 $11 32. Ke2 (32. Nxd5 Ne4+ 33. Ke3 Nxd2 $11) 32... Nxf3 33. Kxf3 Bg5) 32. Ke3 $16 g5 33. Rd1 $1 {[%emt 0:00:30] Prevents Rc1} Rxd1 34. Nxd1 {[%emt 0:00:30][%mdl 4096] Endgame KBN-KNN} f6 35. exf6 Bxf6 36. Nd2 Ng2+ 37. Kf2 Nf4 38. Nxb3 Kf7 39. Ke3 Kg6 40. Nf2 h5 41. h3 Ng2+ (41... h4 $14) 42. Kf3 (42. Kd2 $16) 42... Nf4 $11 {[%emt 0:00:30] Repels Nd3} 43. Ke3 (43. a4 $11) 43... Ng2+ $1 $16 44. Kd2 Nf4 {[%emt 0:00:00] [#]} (44... hxg4 $16 {was worth a try.} 45. hxg4 (45. Nxg4 Bg7 $11) 45... Kf7) 45. Kc3 $1 $18 Ne2+ {[%emt 0:00:00] [#]} 46. Kd3 $2 (46. Kb4 $1 $18) 46... Nf4+ $11 47. Kd2 Kh6 (47... h4 $11) 48. Ke3 (48. Kc3 $16) 48... Ng2+ (48... Kg6 $1 $14) 49. Kf3 Nf4 {[%emt 0:01:00] Weighted Error Value: White=0.22 (precise) /Black=0.21 (precise)} 1/2-1/2

[Event "Turkish Youth Championships 2023"]
[Site "Samsun"]
[Date "2023.05.21"]
[Round "4.13"]
[White "Angun, Batu"]
[Black "Alagoz, Zumra Meryem"]
[Result "1-0"]
[WhiteElo "2205"]
[BlackElo "1699"]
[Annotator "TA"]
[PlyCount "103"]
[EventDate "2023.05.19"]
[EventType "swiss"]
[EventCountry "TUR"]
[TimeControl "5400+30"]

1. d4 d5 2. c4 dxc4 3. Nf3 Nf6 4. e3 e6 5. Bxc4 c5 6. O-O a6 7. a4 cxd4 8. exd4 Nc6 9. Nc3 Be7 10. Bf4 O-O 11. Rc1 Qb6 {[%emt 0:09:30] D26: Queen's Gambit Accepted: 4 e3 e6 5 Bxc5 c5 sidelines.} 12. Qb3 Qxb3 13. Bxb3 {[%emt 0:00:00] [#]} Bd7 $146 {[%emt 0:02:30] The position is equal.} (13... Nb4 $5 ) ({Predecessor:} 13... Nb4 14. Rfd1 Bd7 15. Bc7 Rfc8 16. Bb6 Nfd5 17. Nxd5 Nxd5 18. Bc5 Bd8 19. Ne5 Be8 {0-1 Miloslavsky,V (2255)-Martirosov,V (2249) USA-chT Amateur East 2007 (3)}) 14. Rfd1 (14. d5 $5 Na5 15. Ba2 $11) 14... Rac8 15. Ne5 Rfd8 16. Nc4 Nh5 {[%emt 0:05:30] [#]} (16... Nb4 $1 $11) 17. Be3 $1 $36 {[%emt 0:02:30][%mdl 2048] White has strong initiative. White is more active.} b5 18. axb5 axb5 19. Nb6 ({Stronger than} 19. Nxb5 Rb8 20. Ba4 Nb4 $11) 19... Rb8 20. d5 Na5 21. Nxd7 Rxd7 22. dxe6 Rxd1+ 23. Bxd1 Nf6 24. exf7+ Kxf7 25. Bf4 {[%emt 0:00:00][%mdl 64] Deflection} Re8 26. Nxb5 Nd5 27. Bd2 Nb4 $2 (27... Rb8 {was necessary.}) 28. Rc7 $18 Rd8 {[%emt 0:00:30] [#] Inhibits Nd6+.} 29. Rxe7+ $1 {[%emt 0:00:30][%mdl 64] Remove Defender, Decoy} Kxe7 30. Bxb4+ Kf6 31. Bc3+ (31. Bxa5 $2 {leads to mate.} Rxd1+) 31... Ke7 32. Bf3 Nc4 33. g3 g5 34. Be2 Nb6 35. Ba5 Rb8 36. Nd4 {[%emt 0:03:30] Black must now prevent Nc6+.} Kd6 {[%emt 0:00:30] Dodges Nc6} 37. Bd2 Kd5 38. Nf5 Ke6 39. g4 Kf6 40. Ng3 h6 41. b4 Nd5 42. b5 Nf4 43. Bxf4 gxf4 44. Ne4+ Ke5 45. f3 Kd4 46. Kf2 Ra8 47. h4 Ra1 48. h5 Rh1 49. Bf1 {[%emt 0:00:30] White mates.} Rh2+ 50. Bg2 Kd5 51. Nc3+ Kc5 52. Ne2 {[%emt 0:00:00] Black did not feel at home in the position after the opening.   Weighted Error Value: White=0.15 (very precise) /Black=0.46} 1-0

[Event "Turkish Youth Championships 2023"]
[Site "Samsun"]
[Date "2023.05.22"]
[Round "4.13"]
[White "Cakmak, Kursat Kagan"]
[Black "Ozgun, Yigit Deniz"]
[Result "1-0"]
[ECO "B22"]
[WhiteElo "1498"]
[BlackElo "1747"]
[Annotator "NA COMBH"]
[PlyCount "49"]
[EventDate "2023.05.19"]
[EventType "swiss"]
[EventCountry "TUR"]
[SourceTitle "playchess.com"]
[Source "ChessBase"]
[SourceQuality "1"]
[TimeControl "5400+30"]

1. e4 c5 2. c3 Nf6 3. e5 Nd5 4. d4 cxd4 5. Nf3 Nc6 6. Bc4 Nb6 7. Bb3 d6 8. exd6 Qxd6 9. O-O Bf5 10. Nxd4 Nxd4 11. cxd4 e6 12. Nc3 Be7 13. Qf3 O-O 14. Qxb7 Rfb8 15. Qf3 Qxd4 16. Bf4 Rd8 17. Rfd1 Qb4 18. Bc7 Rdc8 19. Bxb6 axb6 20. Nd5 Bg4 21. Nxe7+ Kf8 22. Nxc8 Rxc8 23. Qb7 Qc5 24. Re1 h5 25. h3 1-0

[Event "Turkish Youth Championships 2023"]
[Site "Samsun"]
[Date "2023.05.21"]
[Round "4.14"]
[White "Biyiksiz, Ali Batuhan"]
[Black "Tonoglu, Engin Erdem"]
[Result "1-0"]
[WhiteElo "2107"]
[BlackElo "1404"]
[Annotator "TA"]
[PlyCount "73"]
[EventDate "2023.05.19"]
[EventType "swiss"]
[EventCountry "TUR"]
[TimeControl "5400+30"]

1. d4 d5 2. c4 e6 3. Nc3 Nf6 4. cxd5 exd5 5. Bg5 c6 6. e3 h6 7. Bh4 Be7 8. Bd3 Nbd7 9. Qc2 O-O 10. Nge2 Re8 11. O-O Ne4 12. Bxe7 Qxe7 13. Rae1 Ndf6 14. f3 Nxc3 15. Nxc3 c5 (15... Rd8 $11) 16. e4 $14 {[%emt 0:14:30] White is more active. D36: Queen's Gambit Declined: Exchange Variation: Main line (5 Bg5 c6 6 Qc2).} cxd4 {[%emt 0:03:30] [#]} 17. Nb5 $146 (17. exd5 Qxe1 18. Rxe1 Rxe1+ 19. Kf2 Re5 $15) ({White has to play} 17. Nxd5 $16 Nxd5 18. exd5) ({Predecessor:} 17. Nxd5 Nxd5 18. exd5 Qxe1 19. Rxe1 Rxe1+ 20. Kf2 Re8 21. Qc7 a6 22. g4 Kf8 23. Qc5+ Kg8 {1-0 Balogh,P (2275)-Istona,M (2218) SVK-chT2A 2122 2021 (2.1)}) 17... dxe4 $15 18. fxe4 (18. Bxe4 $15 Be6 19. Nxd4) 18... Be6 (18... Ng4 {with more complications.} 19. Nc7 Qe5 20. g3 Ne3) 19. e5 Nd5 (19... Ng4 $17 {White must now prevent ...Ne3.} 20. Qe2 (20. Bh7+ $2 Kh8 $19) 20... Ne3) 20. Qe2 (20. Bh7+ $2 Kh8 21. Bd3 Ne3 $19) (20. Qd2 $1 $11 {remains equal.}) 20... Ne3 $17 21. Nd6 Nxf1 $19 22. Qe4 {[%emt 0:00:30] [#] Qh7+ would kill now.} g6 $1 {[%emt 0:05:30] Hoping for ...Ne3.} 23. Rxf1 Red8 24. Qxd4 a6 25. h4 {[%emt 0:04:15][%cal Oh4h5] [#]} b5 ({Resist} 25... Bxa2 26. h5 b5 27. Kh1 $14 (27. hxg6 Qa7 $17)) (25... h5 $1 $17 26. b3 b5) 26. Qf4 $1 $11 Kg7 ({Much worse is} 26... Bxa2 $6 27. Qg3 $17) 27. Qg3 $1 Qa7+ (27... Bxa2 $2 28. Nf5+ Kf8 29. Nxe7 $18) 28. Kh2 $1 {[%emt 0:00:02] Rf6 would be deadly. Chess con chili.} Qd4 $2 {[%emt 0:03:57][%mdl 8192] [#] Black cannot hold the game after this.} (28... Bxa2 29. h5 g5 30. Nf5+ Kf8 31. Nxh6 $18) (28... Rxd6 $11 29. exd6 Qd4) 29. Rxf7+ $3 $18 {[%emt 0:00:54][%mdl 576] Deflection} Bxf7 30. Nf5+ Kh7 31. Nxd4 Rxd4 32. h5 Rg8 (32... Rxd3 $142 33. Qxd3 Re8 34. hxg6+ Bxg6 35. Qd7+ Kh8) 33. Qf2 Rd7 34. Qf6 {[%emt 0:01:19] White wants to mate with e6.} Be8 35. Bc2 Rd2 36. hxg6+ Bxg6 37. Qf7+ {[%emt 0:00:06][%mdl 64] Deflection. A cool game by Biyiksiz.   Weighted Error Value: White=0.34/Black=0.76} 1-0

[Event "Turkish Youth Championships 2023"]
[Site "Samsun"]
[Date "2023.05.22"]
[Round "4.14"]
[White "Karadas, Hena"]
[Black "Coskun, Emre"]
[Result "0-1"]
[ECO "C48"]
[WhiteElo "1573"]
[BlackElo "1750"]
[Annotator "NA COMBH"]
[PlyCount "74"]
[EventDate "2023.05.19"]
[EventType "swiss"]
[EventCountry "TUR"]
[SourceTitle "playchess.com"]
[Source "ChessBase"]
[SourceQuality "1"]
[TimeControl "5400+30"]

1. e4 e5 2. Nf3 Nc6 3. Nc3 Nf6 4. Bb5 Nd4 5. Ba4 Nxf3+ 6. Qxf3 c6 7. d3 d6 8. h3 Be7 9. O-O a5 10. a3 h6 11. Bb3 g5 12. Qe3 Rg8 13. Ne2 Nh5 14. Ng3 Nf4 15. Nf5 Bxf5 16. exf5 Qd7 17. g4 h5 18. Qf3 Bf6 19. c3 O-O-O 20. Bd1 hxg4 21. hxg4 Rh8 22. Bxf4 gxf4 23. Qg2 Rh4 24. Bf3 Rdh8 25. Rfd1 Bd8 26. Kf1 d5 27. Ke1 Qe7 28. Kd2 Rh2 29. Qg1 Bb6 30. d4 exd4 31. Re1 dxc3+ 32. bxc3 Qc5 33. Re2 d4 34. cxd4 Qxd4+ 35. Kc2 Qc4+ 36. Kb1 Qb3+ 37. Rb2 Qxf3 0-1

[Event "Turkish Youth Championships 2023"]
[Site "Samsun"]
[Date "2023.05.22"]
[Round "4.15"]
[White "Biyiksiz, Ali Batuhan"]
[Black "Adali, Umut"]
[Result "1-0"]
[ECO "C92"]
[WhiteElo "2107"]
[BlackElo "1441"]
[Annotator "NA COMBH"]
[PlyCount "135"]
[EventDate "2023.05.19"]
[EventType "swiss"]
[EventCountry "TUR"]
[SourceTitle "playchess.com"]
[Source "ChessBase"]
[SourceQuality "1"]
[TimeControl "5400+30"]

1. e4 e5 2. Nf3 Nc6 3. Bb5 a6 4. Ba4 Nf6 5. d3 b5 6. Bb3 Be7 7. O-O d6 8. h3 O-O 9. c3 Na5 10. Bc2 c5 11. Nbd2 Re8 12. Re1 Bb7 13. Nf1 Bf8 14. Ng3 d5 15. Qe2 Qd7 16. Bg5 Qc6 17. Qf1 h6 18. Bc1 c4 19. d4 exd4 20. Nxd4 Qc7 21. exd5 Bxd5 22. Bd2 Bc5 23. Ngf5 Bxd4 24. Nxd4 Nc6 25. Be3 Be4 26. Bxe4 Nxe4 27. Qe2 Nf6 28. Qf3 Ne5 29. Qg3 Ne4 30. Qh2 Qd7 31. f3 Nf6 32. Qg3 Ng6 33. Bd2 Rad8 34. a3 Qd6 35. Rxe8+ Nxe8 36. Qxd6 Rxd6 37. Be3 Nf6 38. a4 Nd5 39. Bd2 b4 40. cxb4 Ndf4 41. Bc3 Rxd4 42. Bxd4 Ne2+ 43. Kf2 Nxd4 44. Rd1 Nc2 45. b5 axb5 46. axb5 Nf4 47. b6 Nb4 48. b7 Nc6 49. Rd8+ Nxd8 50. b8=Q Nfe6 51. Qc8 Kh7 52. Qxc4 g6 53. b4 Kg7 54. b5 Nb7 55. b6 Ned8 56. Qc7 Kf6 57. f4 Kg7 58. g4 Kh7 59. f5 g5 60. Ke3 Kg7 61. Ke4 Kh7 62. Ke5 Kg7 63. Qd7 Kh7 64. Kf6 Kg8 65. Qe8+ Kh7 66. Qf8 Ne6 67. fxe6 fxe6 68. Qg7# 1-0

[Event "Turkish Youth Championships 2023"]
[Site "Samsun"]
[Date "2023.05.21"]
[Round "4.15"]
[White "Ozgun, Yigit Deniz"]
[Black "Kucuk, Aybike"]
[Result "1-0"]
[WhiteElo "1747"]
[BlackElo "1603"]
[Annotator "COMBH"]
[PlyCount "83"]
[EventDate "2023.05.19"]
[EventType "swiss"]
[EventCountry "TUR"]
[TimeControl "5400+30"]
[BlackClock "0:06:35"]

1. d4 Nf6 2. Nc3 d5 3. Bf4 c6 4. e3 Bf5 5. f3 h5 6. Bd3 e6 7. Bxf5 exf5 8. Qd3 g6 9. O-O-O Bg7 10. e4 fxe4 11. fxe4 O-O 12. e5 Nh7 13. Nf3 Na6 14. Rdg1 Nc7 15. h4 Ne6 16. Bd2 c5 17. dxc5 Nxc5 18. Qxd5 Qxd5 19. Nxd5 Rfd8 20. Nc3 f6 21. g4 Kf7 22. gxh5 gxh5 23. exf6 Nxf6 24. Ng5+ Ke7 25. Re1+ Kd7 26. b4 Na6 27. Ne6 Rg8 28. Nxg7 Rxg7 29. Bg5 Ng4 30. Rd1+ Ke6 31. Rhe1+ Kf5 32. b5 Nc7 33. Rd6 Rxg5 34. hxg5 Kxg5 35. Rd7 Ne8 36. Ne4+ Kg6 37. Rxb7 Ng7 38. c4 Re8 39. c5 Nf5 40. c6 Nd6 41. Nxd6 Rxe1+ 42. Kd2 1-0

[Event "Turkish Youth Championships 2023"]
[Site "Samsun"]
[Date "2023.05.22"]
[Round "4.16"]
[White "Aydogdu, Cagatay"]
[Black "Tutmaz, Bugra Hamza"]
[Result "0-1"]
[ECO "B40"]
[WhiteElo "1856"]
[BlackElo "1384"]
[Annotator "NA COMBH"]
[PlyCount "178"]
[EventDate "2023.05.19"]
[EventType "swiss"]
[EventCountry "TUR"]
[SourceTitle "playchess.com"]
[Source "ChessBase"]
[SourceQuality "1"]
[TimeControl "5400+30"]

1. e4 c5 2. Nf3 e6 3. c4 d5 4. Nc3 dxe4 5. Nxe4 Nc6 6. d3 Nf6 7. Bg5 Be7 8. Bxf6 Bxf6 9. Qd2 b6 10. Be2 Bb7 11. O-O O-O 12. Rab1 Nd4 13. Nxd4 Bxd4 14. Bf3 Qd7 15. b4 cxb4 16. Qxb4 Bxe4 17. Bxe4 Rac8 18. Qb5 Rfd8 19. Qxd7 Rxd7 20. g4 g6 21. g5 h6 22. h4 hxg5 23. hxg5 Rc5 24. Rb5 Kg7 25. a4 a5 26. Kh2 Rxb5 27. cxb5 Bc5 28. f4 Rd4 29. Ra1 Bd6 30. Kg3 e5 31. Rc1 exf4+ 32. Kf3 Rxa4 33. Rc6 Bc5 34. Kxf4 Rd4 35. Ke5 Rd7 36. Rc8 Bd4+ 37. Kf4 Bc5 38. Ke5 a4 39. Bd5 Re7+ 40. Kf4 Be3+ 41. Kg4 Re5 42. Bc4 Rxg5+ 43. Kf3 Rc5 44. Ra8 Bd4 45. Ke4 Be5 46. Ra7 Bc7 47. Rxa4 f5+ 48. Kf3 Re5 49. d4 Re7 50. Bd5 g5 51. Rc4 g4+ 52. Kf2 Bf4 53. Rc3 Bd2 54. Rd3 Bb4 55. Rb3 Rd7 56. Bc4 Be7 57. Rd3 Kf6 58. Kg2 Kg5 59. Be6 Rd6 60. d5 Bf6 61. Rd2 f4 62. Rc2 Be5 63. Rc8 f3+ 64. Kf2 Bd4+ 65. Kg3 f2 66. Rg8+ Kh6 67. Kg2 g3 68. Rxg3 Rd8 69. Rd3 Bc5 70. Rc3 Kg5 71. Rc4 Kf6 72. Rh4 Ke5 73. Rh5+ Ke4 74. Rh4+ Ke3 75. Rh3+ Ke2 76. Rh1 Rf8 77. Bg4+ Ke3 78. Rd1 Rg8 79. Kh3 Kf4 80. Be2 Rg3+ 81. Kh2 Re3 82. Bc4 Re1 83. Rd2 f1=Q 84. Bxf1 Rxf1 85. Kg2 Rg1+ 86. Kh2 Rg6 87. Rd1 Kf3 88. Rd3+ Be3 89. d6 Rh6# 0-1

[Event "Turkish Youth Championships 2023"]
[Site "Samsun"]
[Date "2023.05.21"]
[Round "4.16"]
[White "Engin, Eyup Tarik"]
[Black "Demirbas, Emre"]
[Result "0-1"]
[WhiteElo "1513"]
[BlackElo "2013"]
[Annotator "TA"]
[PlyCount "90"]
[EventDate "2023.05.19"]
[EventType "swiss"]
[EventCountry "TUR"]
[TimeControl "5400+30"]

1. e4 c5 2. Nf3 e6 3. d4 cxd4 4. Nxd4 Nf6 5. Nc3 Nc6 6. Ndb5 Bb4 7. a3 Bxc3+ 8. Nxc3 d5 9. exd5 exd5 10. Bd3 O-O 11. O-O d4 {[%emt 0:00:30] 11...Bg4 is more advanced technology.} 12. Ne4 Ng4 {[%emt 0:04:30] B45: Sicilian Four Knights.} (12... Bf5 $5 13. Bg5 Bxe4 14. Bxe4 Re8 15. Bxf6 Qxf6 $11) 13. Bf4 Nge5 14. Re1 Bf5 {[%emt 0:07:30] [#] White is slightly better.} 15. Qh5 $146 ({Predecessor:} 15. Nc5 Nxd3 16. Nxd3 Qf6 17. Bg3 Bg6 18. Qd2 Rfe8 19. Rxe8+ {½-½ Berggren,J (2102)-Westerberg,J (1896) SWE-chB Vadso 2008 (5)}) 15... Bg6 16. Qh3 Re8 17. Qg3 (17. Nc5 $5 ) 17... Qd5 18. Nd2 Nxd3 $1 19. cxd3 Re6 20. Rxe6 Qxe6 21. Nf3 (21. Qf3 $15) 21... Re8 $17 22. h4 {[%emt 0:00:33] [#]} Qb3 $1 23. Rc1 Qxd3 {[%emt 0:01:30] Black is more active.} ({Black should try} 23... Qxb2 24. Qg4 Qxa3) 24. Rxc6 $2 bxc6 $19 25. Be5 Qf5 (25... c5 $142 26. h5 f6 27. hxg6 fxe5 28. gxh7+ Kh8) 26. Bxd4 c5 27. Bc3 h6 28. Kh2 (28. Ne5 $142) 28... Kh7 29. Ne5 f6 30. Nf3 Re4 {[%emt 0:04:30] ...Rg4 would be deadly.} 31. Qh3 Qd5 {[%emt 0:03:30] [#] Threatens to win with ...Bf5.} 32. Qg3 Qf5 33. Qh3 Rg4 34. Kg1 Qb1+ 35. Ne1 $2 (35. Kh2 Qe4 36. Kg1) 35... Re4 36. Kf1 c4 {[%emt 0:00:00][%cal Oe4e1] Strongly threatening ...Rxe1+!} 37. f3 Re7 {[%emt 0:01:00] Hoping for ...Bd3+.} 38. Qg3 Qc1 ({Not} 38... Qd1 $2 39. a4 $19) 39. Qf2 Qf4 {[%emt 0:02:30] White must now prevent ...Bd3+.} 40. Kg1 h5 41. Kh1 $2 (41. Bd2 {was necessary.} Qe5 42. Bb4) 41... Bd3 {[%emt 0:03:30] And now ...Re2 would win. Black is clearly winning.} 42. Bd2 Re2 43. Bxf4 Rxf2 44. Nxd3 cxd3 45. Kg1 d2 {[%emt 0:00:00] Weighted Error Value: White=0.66/Black=0.50} 0-1